Map: Ley Lines

Players

ShoWTimE - Winner!

  • Race: Protoss Protoss
  • League: Grandmaster
  • Spawn Location: 1:00

STZsOs (sOs)

  • Race: Protoss Protoss
  • League: Master
  • Spawn Location: 7:00

Event: HomeStory Cup XXVII

VOD

Have the link to the VOD?

Description

Time

  • Played on: June 29, 2025, 9:38 a.m.
  • Length: 10:16

All games in this series

Show
View Real Time Build Order
Export as new Build Order

ShoWTimE Protoss - Winner!

Build Orders: Phoenix Opening, Blink Stalkers 

Get SALT Encoding   

  12  0:00  Probe  
  13  0:12  Probe  
  14  0:16  Pylon  
  14  0:23  Probe  
  15  0:31  Probe  
  16  0:36  Gateway  
  16  0:39  Probe  
  16  0:45  Assimilator  
  17  0:50  Probe  
  18  0:59  Probe  
  18  1:04  Assimilator  
  19  1:05  Pylon  
  19  1:07  Probe  
  20  1:19  Gateway, Probe  
  21  1:27  Cybernetics Core  
  21  1:31  Probe  
  22  1:38  Pylon  
  22  1:43  Probe  
  23  1:56  Probe  
  23  2:01  Stalker  
  24  2:04  Warp Gate  
  24  2:06  Sentry  
  24  2:08  Probe  
  29  2:13  Pylon  
  29  2:20  Probe  
  30  2:24  Pylon  
  30  2:31  Sentry  
  30  2:32  Probe  
  33  2:37  Phoenix  
  33  2:49  Nexus  
  33  2:52  Probe  
  34  3:01  Twilight Council  
  34  3:03  Phoenix  
  34  3:04  Sentry  
  36  3:07  Probe  
  36  3:08  Blink  
  37  3:12  Pylon  
  37  3:19  Probe  
  38  3:27  Probe  
  39  3:35  Probe  
  40  3:45  Probe  
  41  3:53  Stalker x2  
  45  3:57  Probe  
  46  4:06  Probe  
  46  4:09  Probe  
  48  4:11  Phoenix  
  48  4:16  Stalker x2  
  52  4:18  Probe  
  52  4:22  Probe  
  54  4:27  Pylon  
  54  4:30  Probe  
  55  4:34  Probe  
  56  4:40  Nexus  
  56  4:42  Probe  
  57  4:46  Probe, Stalker  
  57  4:50  Stalker  
  62  4:54  Probe  
  62  4:55  Assimilator  
  62  4:57  Pylon  
  62  4:59  Probe  
  64  5:12  Stalker  
  64  5:13  Probe  
  67  5:16  Forge, Stalker  
  69  5:22  Probe  
  69  5:25  Resonating Glaives  
  70  5:30  Gateway  
  70  5:31  Gateway  
  70  5:32  Robotics Facility  
  70  5:33  Probe  
  71  5:35  Probe  
  72  5:45  Probe, Stalker  
  72  5:48  Probe  
  70  5:51  Probe  
  70  5:53  Protoss Ground Weapons Level 1  
  70  5:54  Probe, Stalker  
  70  5:56  Probe  
  72  5:59  Probe  
  72  6:03  Probe  
  73  6:04  Probe  
  73  6:07  Probe  
  76  6:11  Probe  
  76  6:14  Observer, Probe  
  76  6:18  Probe  
  78  6:23  Probe  
  81  6:26  Gateway, Probe  
  81  6:28  Gateway  
  81  6:30  Probe  
  81  6:31  Warp Prism  
  83  6:35  Gateway x2  
  83  6:36  Probe  
  84  6:43  Probe  
  84  6:45  Probe  
  88  6:48  Probe  
  88  6:49  Pylon  
  89  6:59  Pylon  
  89  7:02  Adept x2  
  89  7:05  Pylon  
  89  7:06  Pylon  
  93  7:09  Immortal  
  93  7:11  Adept x2  
  97  7:18  Pylon  
  97  7:21  Probe  
  102  7:23  Pylon  
  102  7:27  Adept x3  
  102  7:28  Adept  
  110  7:31  Adept x2  
  114  7:38  Adept x2  
  114  7:42  Pylon  
  117  7:48  Observer  
  117  7:51  Pylon  
  116  7:59  Stalker x2, Warp Prism  
  116  8:00  Adept x3  
  116  8:02  Adept x2  
  116  8:03  Adept  
  130  8:24  Adept x8  
  120  8:39  Assimilator  
  120  8:49  Pylon  
  120  8:50  Adept x7  
  120  8:51  Zealot  
  120  8:55  Pylon  
  136  9:10  Adept x4  
  136  9:11  Adept x3  
  136  9:12  Zealot  
  136  9:13  Stalker x3  
  136  9:15  Adept x2  
  136  9:16  Zealot x3  
  139  9:36  Stalker  
  139  9:37  Adept x2, Zealot  
  139  9:38  Zealot x3  
  135  9:42  Adept  
  104  10:01  Adept x7  
  104  10:03  Nexus  
  118  10:07  Adept  
Show
View Real Time Build Order
Export as new Build Order

STZsOs Protoss 

Build Orders: Oracle Opening, Phoenix Opening, Chargelot Immortal 

Get SALT Encoding   

  12  0:00  Probe  
  13  0:12  Probe  
  14  0:16  Pylon  
  14  0:23  Probe  
  15  0:31  Probe  
  15  0:36  Gateway  
  15  0:40  Probe  
  16  0:45  Assimilator  
  17  0:51  Probe  
  17  0:54  Assimilator  
  18  0:59  Probe  
  19  1:07  Gateway, Probe  
  20  1:17  Probe  
  20  1:23  Cybernetics Core  
  21  1:29  Probe  
  22  1:35  Pylon  
  22  1:41  Probe  
  23  1:53  Probe  
  24  1:57  Stalker  
  24  2:00  Warp Gate  
  26  2:07  Sentry  
  28  2:10  Pylon  
  28  2:22  Phoenix, Pylon  
  29  2:37  Stargate  
  29  2:40  Stalker  
  30  2:52  Nexus  
  30  2:54  Probe  
  31  3:04  Shield Battery  
  31  3:07  Probe  
  31  3:10  Oracle  
  32  3:19  Probe  
  36  3:28  Pylon  
  36  3:31  Probe  
  37  3:38  Robotics Facility  
  37  3:43  Probe  
  38  3:55  Probe  
  39  4:02  Probe  
  42  4:07  Probe  
  44  4:13  Probe  
  41  4:19  Probe, Sentry  
  45  4:25  Observer  
  45  4:26  Probe  
  45  4:27  Nexus  
  45  4:30  Pylon  
  47  4:31  Probe  
  47  4:33  Stalker  
  47  4:34  Immortal  
  54  4:46  Probe x2  
  54  4:51  Shield Battery  
  56  4:58  Adept x2  
  60  5:05  Immortal  
  58  5:11  Probe x2  
  64  5:21  Forge  
  64  5:26  Stalker x2  
  68  5:29  Probe x2  
  68  5:32  Assimilator  
  68  5:35  Probe  
  70  5:36  Protoss Ground Weapons Level 1  
  70  5:41  Probe  
  70  5:42  Probe  
  73  5:46  Immortal  
  77  5:50  Probe  
  77  5:52  Probe  
  77  5:54  Observer, Probe  
  80  6:02  Probe x2  
  79  6:06  Probe  
  79  6:09  Twilight Council  
  81  6:11  Pylon  
  81  6:14  Probe  
  81  6:15  Pylon  
  82  6:20  Probe x2  
  82  6:23  Gateway  
  84  6:26  Gateway, Probe  
  84  6:28  Gateway  
  84  6:31  Immortal  
  89  6:34  Charge  
  89  6:41  Gateway  
  89  6:42  Gateway  
  89  6:47  Gateway  
  89  6:51  Gateway  
  89  6:53  Probe  
  90  6:56  Zealot x2  
  90  7:01  Gateway  
  93  7:05  Pylon  
  93  7:11  Templar Archives  
  93  7:17  Warp Prism  
  93  7:20  Pylon  
  95  7:23  Pylon x2  
  95  7:34  Pylon  
  95  7:36  Phoenix  
  95  7:37  Zealot x3  
  95  7:38  Zealot x4  
  111  7:49  Photon Cannon  
  111  7:54  Zealot  
  111  7:55  Zealot  
  115  8:00  Zealot x3  
  115  8:01  Zealot x3  
  121  8:06  Zealot x2  
  121  8:09  Immortal  
  121  8:12  Probe, Photon Cannon  
  110  8:21  Zealot x3  
  110  8:26  Probe  
  108  8:31  High Templar x2  
  112  8:36  Archon  
  112  8:40  Photon Cannon  
  112  8:42  Probe  
  113  8:50  Zealot x4  
  113  8:55  Assimilator  
  121  8:58  Probe  
  121  8:59  Probe x2  
  114  9:11  Stalker  
  114  9:12  Stalker x2  
  106  9:26  Zealot x5  
  106  9:27  Zealot x2  
  116  9:35  Zealot x3  
  97  9:38  Probe x2  
  86  9:50  Zealot x4  
  75  9:55  Zealot x4  
  71  10:00  High Templar x2  
  71  10:05  Archon  
Tags
 
Add a new tag
Caveats
  • Supply blocks, unpowered buildings, or Contaminate may cause inaccurate times.
  • Supply counts are checked every 10 seconds.